[Event "Titled Tuesday Blitz November 2 2021"]
[White "Terry, Renato"]
[Black "Abdrlauf, Elham"]
[WhiteFideId "3803457"]
[BlackFideId "1533533"]
[WhiteElo "2577"]
[BlackElo "2362"]
[Result "1-0"]
[Round "11"]
[TimeControl "180+1"]
[Date "2021.11.02"]
[WhiteClock "0:02:42"]
[BlackClock "0:02:36"]

1. e4 c6 2. Nf3 d5 3. exd5 cxd5 4. Ne5 Nf6 5. d4 g6 6. c3 Bg7 7. Bd3 O-O 8. O-O Nc6 9. Qe2 Bf5 10. Bxf5 gxf5 11. Nd3 e6 12. Nd2 Kh8 13. Nf3 Ne4 14. Bf4 Rg8 15. Kh1 Qe7 16. Rg1 Bf6 17. Nfe5 Rg7 18. f3 Nd6 19. Bh6 Rgg8 20. Bf4 Bg5 21. Nxc6 bxc6 22. Qe5+ Qf6 23. Qxf6+ 1-0


[Site "https://www.chess.com"]

[Event "Titled Tuesday Blitz November 2 2021"]
[White "Tikhonov, Viacheslav"]
[Black "Kadam, Om Manish"]
[WhiteFideId "44196407"]
[BlackFideId "45076294"]
[WhiteElo "1773"]
[BlackElo "1729"]
[Result "0-1"]
[Round "11"]
[TimeControl "180+1"]
[Date "2021.11.02"]
[WhiteClock "0:00:03"]
[BlackClock "0:01:42"]

1. Nf3 Nf6 2. c4 g6 3. b3 Bg7 4. Bb2 O-O 5. g3 d6 6. Bg2 e5 7. d3 Nc6 8. O-O Bg4 9. Nbd2 Qd7 10. e3 Rae8 11. Qc2 Nb4 12. Qb1 c5 13. a3 Nc6 14. Ne4 Nxe4 15. dxe4 f5 16. Nd2 f4 17. exf4 exf4 18. Bxg7 Qxg7 19. f3 Be6 20. g4 h5 21. Qd3 Rd8 22. h3 hxg4 23. hxg4 Qb2 24. Rfb1 Qf6 25. Kf2 Qh4+ 26. Ke2 Nd4+ 27. Kf1 Qg3 28. Kg1 Bxg4 29. Nf1 Nxf3+ 30. Qxf3 Qxf3 31. Bxf3 Bxf3 32. Nd2 Bg4 33. b4 b6 34. Kf2 Kg7 35. a4 Be6 36. a5 g5 37. axb6 axb6 38. Ra7+ Kf6 39. Ra6 g4 40. Rxb6 g3+ 41. Kf3 Kg5 42. bxc5 Bg4+ 43. Kg2 dxc5 44. Nf3+ Bxf3+ 45. Kxf3 Rd3+ 46. Kg2 Rd2+ 47. Kg1 f3 48. Rc6 Rfd8 49. Rxc5+ Kg4 50. Rd5 Rg2+ 51. Kf1 Rh8 52. Rh5 Rxh5 53. Rb5 Rh1# 0-1


[Site "https://www.chess.com"]

[Event "Titled Tuesday Blitz November 2 2021"]
[White "Timofeev, Artyom"]
[Black "Ozen, Bahadir"]
[WhiteFideId "4140419"]
[BlackFideId "6337058"]
[WhiteElo "2591"]
[BlackElo "2503"]
[Result "1-0"]
[Round "11"]
[TimeControl "180+1"]
[Date "2021.11.02"]
[WhiteClock "0:01:30"]
[BlackClock "0:00:43"]

1. c4 c6 2. Nf3 d5 3. e3 Nf6 4. h3 e6 5. Nc3 Bd6 6. b3 O-O 7. Bb2 Nbd7 8. d4 b6 9. Bd3 Bb7 10. O-O Qe7 11. cxd5 exd5 12. Re1 c5 13. dxc5 bxc5 14. Rc1 Rac8 15. Bf5 Rfd8 16. Qc2 g6 17. Bxd7 Rxd7 18. Nb5 Bb8 19. Qc3 Rc6 20. Ne5 Bxe5 21. Qxe5 Qxe5 22. Bxe5 c4 23. Nd4 Ra6 24. bxc4 dxc4 25. Rxc4 Re7 26. Bxf6 Rxf6 27. a4 Ra6 28. Rec1 Bd5 29. Rc5 Rd7 30. a5 Kg7 31. g4 h6 32. Kh2 Rf6 33. Kg3 Rfd6 34. Rc7 Kf6 35. Nb5 Rxc7 36. Rxc7 Rc6 37. Rxa7 Rc1 38. f3 Rg1+ 39. Kf2 Rh1 40. e4 Bc4 41. Nd6 Be6 42. f4 Rxh3 43. Ne8# 1-0


[Site "https://www.chess.com"]

[Event "Titled Tuesday Blitz November 2 2021"]
[White "Tregubov, Pavel V."]
[Black "Balabayeva, Xeniya"]
[WhiteFideId "4115341"]
[BlackFideId "13719688"]
[WhiteElo "2423"]
[BlackElo "1965"]
[Result "1/2-1/2"]
[Round "11"]
[TimeControl "180+1"]
[Date "2021.11.02"]
[WhiteClock "0:00:15"]
[BlackClock "0:00:20"]

1. e4 c6 2. Nf3 d5 3. Nc3 dxe4 4. Nxe4 Nf6 5. Qe2 Nxe4 6. Qxe4 Nd7 7. Bc4 Nf6 8. Ne5 e6 9. Qf4 Bd6 10. d4 b5 11. Bd3 Bb7 12. O-O a6 13. Qg3 Kf8 14. Bf4 Nh5 15. Nxc6 Nxg3 16. Nxd8 Bxf4 17. hxg3 Rxd8 18. gxf4 Rxd4 19. f5 e5 20. f3 f6 21. Rfd1 Ke7 22. c3 Rd7 23. Be4 Bxe4 24. Rxd7+ Kxd7 25. fxe4 Rc8 26. Rd1+ Ke7 27. Kf2 Rc4 28. Ke3 Rc7 29. Rd5 Rd7 30. b3 g6 31. fxg6 hxg6 32. Rxd7+ Kxd7 33. g4 Ke6 34. c4 bxc4 35. bxc4 Kd6 36. Kd3 Kc5 37. Kc3 a5 38. a3 Kb6 39. Kb3 Kc5 40. Kc3 Kb6 41. Kd3 Kc5 42. Kc3 1/2-1/2


[Site "https://www.chess.com"]

[Event "Titled Tuesday Blitz November 2 2021"]
[White "Urazayev, Arystanbek"]
[Black "Pichot, Alan"]
[WhiteFideId "13709810"]
[BlackFideId "110973"]
[WhiteElo "2321"]
[BlackElo "2600"]
[Result "1-0"]
[Round "11"]
[TimeControl "180+1"]
[Date "2021.11.02"]
[WhiteClock "0:00:15"]
[BlackClock "0:00:02"]

1. e4 e5 2. Nf3 Nc6 3. Bb5 a6 4. Ba4 Nf6 5. d3 b5 6. Bb3 Bc5 7. Nc3 h6 8. Nd5 Rb8 9. c3 d6 10. h3 Nxd5 11. exd5 Ne7 12. O-O O-O 13. d4 exd4 14. Nxd4 Bd7 15. Re1 Ng6 16. Be3 Ne5 17. Ne6 Bxe6 18. dxe6 Bxe3 19. exf7+ Nxf7 20. Rxe3 Kh8 21. Qd5 Ne5 22. Bc2 Qh4 23. g3 Qxh3 24. Rxe5 dxe5 25. Qe4 Kg8 26. Qh7+ Kf7 27. Qg6+ Kg8 28. Re1 Rbe8 29. Qh7+ Kf7 30. Bg6+ Kf6 31. Bxe8 Rxe8 32. Qe4 Qe6 33. Re3 Ke7 34. Qb7 Qd6 35. Rf3 Rf8 36. Re3 Rf5 37. Qe4 Kf6 38. Qh4+ Kf7 39. Qe4 Qf6 40. Re2 Kg8 41. a4 c6 42. a5 Kh8 43. Rd2 h5 44. Rd8+ Qxd8 45. Qxf5 Qe8 46. f3 Kg8 47. b4 g6 48. Qf6 Kh7 49. Qd6 Qf7 50. Qxc6 Qa2 51. Qxa6 Qb1+ 52. Kf2 Qc2+ 53. Kf1 Qd1+ 54. Kg2 Qe2+ 55. Kh3 Qxf3 56. Qa7+ Kh6 57. Kh2 Qe2+ 58. Kg1 Qe1+ 59. Kg2 Qxc3 60. Qf2 Qc6+ 61. Qf3 Qc2+ 62. Kh3 Qc8+ 63. Kh2 Qc2+ 64. Qg2 Qc8 65. Qd2+ Kg7 66. Qa2 Qa6 67. Qd5 Qf6 68. Qb7+ Kh6 69. a6 Qf2+ 70. Qg2 Qa7 71. Qd2+ Kg7 72. Qa2 Kh6 73. Qd2+ Kg7 74. Qa2 Kh6 75. Kh3 Qd7+ 76. Kg2 Qa7 77. Kf1 Kg5 78. Qd2+ Kg4 79. Qa2 Kf3 80. Qe2+ Kxg3 81. Qg2+ Kf4 82. Qf2+ 1-0


[Site "https://www.chess.com"]

[Event "Titled Tuesday Blitz November 2 2021"]
[White "Vlassov, Nikolai"]
[Black "Kozionov, Kirill"]
[WhiteFideId "4103360"]
[BlackFideId "24101729"]
[WhiteElo "2407"]
[BlackElo "2426"]
[Result "0-1"]
[Round "11"]
[TimeControl "180+1"]
[Date "2021.11.02"]
[WhiteClock "0:00:12"]
[BlackClock "0:00:04"]

1. e4 c5 2. c3 d5 3. exd5 Qxd5 4. d4 Nc6 5. Nf3 Bf5 6. Be3 Nf6 7. dxc5 Qxd1+ 8. Kxd1 O-O-O 9. Kc1 e5 10. b4 Ng4 11. Bb5 Be7 12. Bxc6 bxc6 13. Na3 Nxe3 14. fxe3 Rd3 15. Nxe5 Rxc3+ 16. Kb2 Rxe3 17. Rae1 Rxe5 18. Rxe5 Bf6 19. Re1 Be6 20. Kc2 Bxe5 21. Rxe5 Rd8 22. Nb1 Bxa2 23. Re7 Rd7 24. Re8+ Kb7 25. Nc3 Be6 26. Rh8 Rd4 27. Kc1 Rxb4 28. Rxh7 Rc4 29. Kd2 g6 30. Kd3 Rxc5 31. Ne4 Rd5+ 32. Ke3 a5 33. h4 a4 34. Ng5 Kb6 35. Ne4 a3 36. Nc3 Ra5 37. g4 a2 38. Nxa2 Rxa2 39. h5 gxh5 40. gxh5 Rh2 41. h6 Kc5 42. Rh8 Kd6 43. Kf4 Ke7 44. Kg5 Rg2+ 45. Kf4 Kf6 46. Ra8 Rg4+ 47. Kf3 Rh4 48. Ra6 Rxh6 49. Rxc6 Kg7 50. Kf4 Rf6+ 51. Ke5 Rg6 52. Kf4 Kf6 53. Rb6 Rg4+ 54. Kf3 Ra4 55. Rc6 Ra5 56. Rb6 Kf5 57. Rb8 Ra3+ 58. Kf2 Bd5 59. Rb5 Ke5 60. Rb4 f5 61. Ra4 Rxa4 0-1


[Site "https://www.chess.com"]

[Event "Titled Tuesday Blitz November 2 2021"]
[White "Yeletsky, Ivan"]
[Black "Jobava, Baadur"]
[WhiteFideId "24180327"]
[BlackFideId "13601520"]
[WhiteElo "2352"]
[BlackElo "2731"]
[Result "0-1"]
[Round "11"]
[TimeControl "180+1"]
[Date "2021.11.02"]
[WhiteClock "0:01:12"]
[BlackClock "0:01:12"]

1. Nf3 Nf6 2. b3 a5 3. Bb2 a4 4. e3 e6 5. Rg1 h5 6. h3 h4 7. Na3 b6 8. c4 Bb7 9. Be2 Ne4 10. Nc2 Nc6 11. bxa4 Nc5 12. Ba3 Rxa4 13. d4 Rxa3 14. Nxa3 Ne4 15. Nb5 Bb4+ 16. Kf1 Ne7 17. a3 Ba5 18. Bd3 Nf5 19. Qc2 Neg3+ 20. fxg3 Nxe3+ 21. Kf2 Nxc2 22. Bxc2 hxg3+ 23. Kxg3 Qb8 0-1


[Site "https://www.chess.com"]

[Event "Titled Tuesday Blitz November 2 2021"]
[White "Yuan, Qingyu"]
[Black "Girinath, P.D.S."]
[WhiteFideId "8609772"]
[BlackFideId "5000572"]
[WhiteElo "2359"]
[BlackElo "2333"]
[Result "1-0"]
[Round "11"]
[TimeControl "180+1"]
[Date "2021.11.02"]
[WhiteClock "0:00:26"]
[BlackClock "0:00:04"]

1. Nf3 Nf6 2. g3 g6 3. Bg2 Bg7 4. O-O O-O 5. Re1 d5 6. d4 c5 7. dxc5 Nc6 8. c3 e5 9. b4 Re8 10. Bg5 e4 11. Nd4 Ne5 12. Nd2 h6 13. Bf4 Nh5 14. Be3 f5 15. Qb3 Kh7 16. c4 dxc4 17. Nxc4 Nxc4 18. Qxc4 f4 19. gxf4 Qh4 20. Rad1 Nxf4 21. Bxf4 Qxf4 22. e3 Qg5 23. Ne2 Bf5 24. Ng3 Re7 25. Rd5 h5 26. Nxe4 Qg4 27. h3 Qh4 28. Nd6 Qf6 29. Nxf5 gxf5 30. Qf4 Rf7 31. Rxf5 Qg6 32. Rxf7 1-0


[Site "https://www.chess.com"]

[Event "Titled Tuesday Blitz November 2 2021"]
[White "Zierk, Steven"]
[Black "Narayanan.S.L"]
[WhiteFideId "2034255"]
[BlackFideId "5058422"]
[WhiteElo "2494"]
[BlackElo "2570"]
[Result "0-1"]
[Round "11"]
[TimeControl "180+1"]
[Date "2021.11.02"]
[WhiteClock "0:00:12"]
[BlackClock "0:00:45"]

1. e4 c6 2. d4 d5 3. exd5 cxd5 4. Bd3 Nf6 5. c3 Bg4 6. Qb3 Qc7 7. Ne2 Bxe2 8. Bxe2 e6 9. Nd2 Bd6 10. Nf3 Nbd7 11. Bg5 Ne4 12. Be3 O-O 13. g3 f5 14. Ng5 Nxg5 15. Bxg5 h6 16. Bd2 f4 17. Bg4 Rae8 18. O-O-O Nf6 19. Bf3 b5 20. Kb1 a5 21. Qxb5 Rb8 22. Qd3 a4 23. Ka1 Kh8 24. g4 a3 25. b3 e5 26. dxe5 Bxe5 27. Rc1 Ne4 28. Bxe4 dxe4 29. Qxe4 Rbd8 30. Rhe1 Rfe8 31. Qc2 Qd7 32. Rxe5 Rxe5 33. Bxf4 Rd5 34. Be3 Qxg4 35. Bd4 Rxd4 36. cxd4 Qxd4+ 37. Kb1 Qe5 38. h3 Qe6 39. Qc3 Qf5+ 40. Ka1 Kh7 41. b4 Rd3 42. Qc2 Qe5+ 43. Kb1 Qe4 44. Ka1 Qd4+ 45. Kb1 Qxb4+ 46. Ka1 Qd4+ 47. Kb1 Qe4 48. h4 h5 49. f4 g6 50. Rg1 Qb4+ 51. Kc1 Qxf4+ 52. Kb1 Qb4+ 53. Kc1 Rc3 0-1


[Site "https://www.chess.com"]

[Event "Titled Tuesday Blitz November 2 2021"]
[White "Zubov, Alexander"]
[Black "Zhigalko, Sergei"]
[WhiteFideId "14109409"]
[BlackFideId "13502956"]
[WhiteElo "2685"]
[BlackElo "2662"]
[Result "1-0"]
[Round "11"]
[TimeControl "180+1"]
[Date "2021.11.02"]
[WhiteClock "0:00:12"]
[BlackClock "0:00:01"]

1. d4 Nf6 2. c4 e6 3. Nc3 Bb4 4. e3 O-O 5. Ne2 d5 6. a3 Be7 7. Ng3 c5 8. dxc5 Bxc5 9. b4 Be7 10. cxd5 exd5 11. Bd3 Nc6 12. Nce2 a5 13. b5 Ne5 14. Bb2 Nc4 15. Bc3 Be6 16. a4 Rc8 17. O-O Re8 18. Bd4 Nd7 19. Nf4 Bf8 20. Qh5 h6 21. Nxe6 Rxe6 22. Qxd5 Nde5 23. Qxd8 Rxd8 24. Rac1 Nxe3 25. Bxe3 Nxd3 26. Rfd1 Red6 27. Rc7 b6 28. Nf5 R6d7 29. Bxb6 Rd5 30. Ne3 1-0